 Dungeon Crawl Stone Soup version 0.28-a0-893-g5e322aebe8 (webtiles) character file.

Game seed: 14177839673017684725

1308 BinkBink the Grappler (level 8, -2/75 HPs)
             Began as a Troll Monk on Nov 22, 2021.
             Was a Believer of Cheibriados.
             Slain by an orc warrior (14 damage)
             ... on level 6 of the Dungeon.
             The game lasted 00:06:59 (4591 turns).

BinkBink the Grappler (Troll Monk)                  Turns: 4591, Time: 00:06:59

Health: -2/75      AC:  4    Str: 32    XL:     8   Next: 32%
Magic:  7/7        EV: 12    Int: 10    God:    Cheibriados [**....]
Gold:   187        SH:  5    Dex: 22    Spells: 7/7 levels left

rFire   . . .      SeeInvis .     - Unarmed
rCold   . . .      Faith    .   (no shield)
rNeg    . . .      Spirit   .   a - +0 robe
rPois   .          Reflect  +   (helmet restricted)
rElec   .          Harm     .   (no cloak)
rCorr   .          Rampage  .   (gloves unavailable)
Will    .....                   (boots unavailable)
Stlth   ++........              l - amulet of reflection
HPRegen 1.22/turn               k - +6 ring of strength
MPRegen 0.10/turn               r - +6 ring of dexterity

@: very slow
A: large, unfitting armour, claws 3, regeneration 1, shaggy fur 1, tough skin 1
a: Renounce Religion, Bend Time


You were on level 6 of the Dungeon.
You worshipped Cheibriados.
Cheibriados was pleased with you.
You visited 2 branches of the dungeon, and saw 7 of its levels.

You collected 187 gold pieces.

Inventory:

Armour
 a - a +0 robe (worn)
Jewellery
 k - a +6 ring of strength (left claw)
 l - an amulet of reflection (around neck)
 r - a +6 ring of dexterity (right claw)
Wands
 p - a wand of charming (10)
Scrolls
 b - a scroll of noise {unknown}
 c - 4 scrolls of identify {unknown}
 f - a scroll of blinking {unknown}
 g - 6 scrolls of teleportation {unknown}
 i - 2 scrolls of fog {unknown}
 j - a scroll of amnesia {unknown}
 m - a scroll of immolation
 n - a scroll of acquirement {unknown}
Potions
 d - 2 potions of mutation {unknown}
 e - a potion of haste {unknown}
 h - 3 potions of lignification {unknown}
 o - a potion of brilliance {unknown}
 q - a potion of curing {unknown}
 s - a potion of flight {unknown}


   Skills:
 + Level 3.5 Fighting
 * Level 3.4 Armour
 + Level 4.0 Dodging
 - Level 1.0 Stealth
 + Level 1.1 Shields
 + Level 8.0 Unarmed Combat


You had 7 spell levels left.
You didn't know any spells.
Your spell library contained the following spells:

 Spells                   Type           Power      Damage    Failure   Level
 Animate Skeleton         Necr           0%         N/A       36%         1
 Pain                     Necr           0%         1d4       36%         1
 Vampiric Draining        Necr           0%         2d6       75%         3


Dungeon Overview and Level Annotations

Branches:
Dungeon (6/15)             Temple (1/1) D:6

Altars:
Ashenzari
Cheibriados
Dithmenos
Elyvilon
Fedhas
Gozag
Hepliaklqana
Kikubaaqudgha
Makhleb
Okawaru
Qazlal
Ru
Sif Muna
Trog
Uskayaw
Vehumet
Wu Jian
Xom
Yredelemnul
Zin
The Shining One

Annotations:
D:5 1 runed translucent door, fly's ghost, weakling FoDe


Innate Abilities, Weirdness & Mutations

You are too large for most types of armour.
You have claws for hands.
Your natural rate of healing is unusually fast.
You are covered in fur. (AC +1)
You have tough skin. (AC +1)


Message History

The centaur skeleton kicks you.
The centaur skeleton hits you but does no damage.
The centaur skeleton kicks you but does no damage.
The orc warrior misses you.
The centaur skeleton closely misses you.
The centaur skeleton kicks you.
You block the centaur skeleton's attack.
The centaur skeleton kicks you but does no damage.
There is an open door here.
You block the orc warrior's attack.
There is an open door here.
The orc warrior hits you from afar with a +0 glaive!!
The centaur skeleton misses you.
The centaur skeleton closely misses you.
The orc warrior barely misses you.
The centaur skeleton closely misses you.
The centaur skeleton completely misses you.
The centaur skeleton closely misses you.
You block the centaur skeleton's attack.
You block the orc warrior's attack.
There is an open door here.
The centaur skeleton completely misses you. x2
You block the centaur skeleton's attack. x2
The orc warrior misses you.
There is an open door here.
You block the centaur skeleton's attack.
The centaur skeleton misses you.
The orc warrior hits you from afar with a +0 glaive!
The centaur skeleton misses you.
The centaur skeleton closely misses you.
The centaur skeleton closely misses you.
The centaur skeleton kicks you but does no damage.
The centaur skeleton misses you. The centaur skeleton barely misses you.
The orc warrior hits you from afar with a +0 glaive!!
* * * LOW HITPOINT WARNING * * *
There is a stone staircase leading up, spattered with blood here.
The centaur skeleton misses you.
You block the centaur skeleton's attack.
The orc warrior hits you from afar with a +0 glaive!
You die...

........'...>...+
........#.......#
........#.......#
.......o####+####
.................
.########'######
#....'......#
#....#......#
#@Zo.#......#
#....#......#
#############


You could see an orc warrior and a centaur skeleton.

Vanquished Creatures
  A black bear (D:5)
  An ice beast (D:5)
  An orc warrior (D:5)
  5 ogres
  2 scorpions (D:4)
  A howler monkey (D:5)
  2 orc priests
  A hound (D:4)
  A bullfrog skeleton (D:4)
  3 iguanas
  2 orc wizards
  A hound zombie (D:5)
  2 hound skeletons
  A gnoll (D:4)
  8 adders
  A white imp (D:6)
  An ufetubus (D:4)
  An adder zombie (D:5)
  A worm (D:4)
  2 dart slugs (D:1)
  12 orcs
  9 endoplasms
  2 giant cockroaches
  5 hobgoblins
  3 jackals (D:3)
  4 kobolds
  A quokka (D:4)
  6 ball pythons
  6 bats
  6 frilled lizards
  4 goblins
  3 rats
99 creatures vanquished.

Notes
Turn   | Place    | Note
-------+----------+-------------------------------------------
     0 | D:1      | BinkBink the Troll Monk began the quest for the Orb.
     0 | D:1      | Reached XP level 1. HP: 22/22 MP: 0/0
   128 | D:1      | Reached XP level 2. HP: 29/29 MP: 1/1
   563 | D:2      | Reached XP level 3. HP: 36/36 MP: 2/2
  1786 | D:3      | Reached skill level 1 in Armour
  1821 | D:3      | Noticed an ogre
  1828 | D:3      | Killed an ogre
  1829 | D:3      | Reached skill level 4 in Unarmed Combat
  1829 | D:3      | Reached XP level 4. HP: 27/44 MP: 3/3
  1829 | D:3      | Reached XP level 5. HP: 32/52 MP: 4/4
  1870 | D:3      | Found a faded altar of an unknown god.
  2667 | D:4      | Reached skill level 5 in Unarmed Combat
  2696 | D:4      | Reached XP level 6. HP: 60/61 MP: 5/5
  2933 | D:4      | You fall into a shaft and drop 1 floor!
  2933 | D:5      | Entered Level 5 of the Dungeon
  3005 | D:5      | Reached skill level 6 in Unarmed Combat
  3005 | D:5      | Reached XP level 7. HP: 67/67 MP: 6/6
  3120 | D:5      | Found a glowing golden altar of the Shining One.
  3317 | D:4      | Reached skill level 7 in Unarmed Combat
  4045 | D:5      | Reached XP level 8. HP: 44/75 MP: 7/7
  4202 | D:5      | Reached skill level 1 in Shields
  4247 | D:5      | Reached skill level 8 in Unarmed Combat
  4284 | D:5      | Found a runed translucent door.
  4289 | D:5      | Noticed fly's ghost (weakling FoDe)
  4365 | D:6      | Found a staircase to the Ecumenical Temple.
  4372 | Temple   | Entered the Ecumenical Temple
  4533 | Temple   | Became a worshipper of Cheibriados the Contemplative
  4533 | Temple   | Reached * piety under Cheibriados
  4533 | Temple   | Reached ** piety under Cheibriados
  4591 | D:6      | Slain by an orc warrior

Illustrated notes

Levels and vault maps discovered:
D:1:      ncdulo_watergridlock, layout_rooms
D:2:      layout_basic, grunt_decor_resistance
D:3:      layout_basic, shapermc_ecumenical_altar_starsandcircs, hex_medium
D:4:      kb_forest_paths, layout_basic, kennysheep_big_empty_room
D:5:      layout_rooms, tso_oasis_becter, ebering_ghost_inner_flame,
          kennysheep_generic_room_13
D:6:      layout_gridville, temple_green
Temple:   regret_index_temple_chain_breaker

Skill      XL: |  1  2  3  4  5  6  7  8 |
---------------+-------------------------+-----
Armour         | 1 2 3 |  3.4
Dodging        | 3 4 |  4.0
Unarmed Combat | 4 5 6 7 8 |  8.0
Fighting       | 3 |  3.5
Shields        | 1 |  1.1
Stealth        | |  1.0

Action                   |  1- 3 |  4- 6 |  7- 9 || total
-------------------------+-------+-------+-------++-------
Melee: Unarmed           |    95 |    90 |    87 ||   272
       Punch             |     2 |     4 |     1 ||     7
 Stab: Sleeping          |     3 |     2 |     2 ||     7
Armor: Robe              |    30 |    17 |    25 ||    72
Dodge: Dodged            |    48 |    28 |    49 ||   125
Block: Other             |       |    12 |    19 ||    31
       Reflection        |       |       |     1 ||     1

Table legend: (Time is in decaauts)
 A = Elapsed time spent in this place.
 B = Non-inter-level travel time spent in this place.
 C = Inter-level travel time spent in this place.
 D = Time resting spent in this place.
 E = Time spent auto-exploring this place.
 F = Levels seen in this place.
 G = Mean time per level.
                   A        B        C        D        E       F      G
               +--------+--------+--------+--------+--------+-----+--------+
         Total |   4587 |   4304 |    283 |      0 |   3625 |   7 |  655.3 |
       Dungeon |   4411 |   4164 |    247 |      0 |   3504 |   6 |  735.2 |
        Temple |    175 |    139 |     36 |      0 |    121 |   1 |  175.0 |
               +--------+--------+--------+--------+--------+-----+--------+

Top non-repeatable levels by time:
     D:2: 1214 daAuts
     D:4: 1165 daAuts
     D:3: 770 daAuts
     D:5: 669 daAuts
     D:1: 495 daAuts
  Temple: 175 daAuts
     D:6: 95 daAuts
